 Dungeon Crawl Stone Soup version 0.20-a0-301-g264e157 (webtiles) character file.

23 Junicave the Digger (level 3, 18/19 HPs)
             Began as a Gargoyle Earth Elementalist on Dec 16, 2016.
             Quit the game on level 1 of the Dungeon.
             The game lasted 00:02:36 (1455 turns).

Junicave the Digger (Gargoyle Earth Elementalist)   Turns: 1455, Time: 00:02:37

Health: 18/19      AC:  7    Str: 11    XL:     3   Next: 0%
Magic:  6/6        EV: 12    Int: 16    God:
Gold:   84         SH:  0    Dex: 10    Spells: 2/6 levels left

rFire  . . .     SeeInvis .     h - +0 club
rCold  . . .     Gourm    .     c - +0 robe
rNeg   + . .     Faith    .     (no shield)
rPois  ∞         Spirit   .     j - +1 helmet
rElec  +         Reflect  .     (no cloak)
rCorr  .         Harm     .     (no gloves)
MR     .....                    (no boots)
Stlth  ++........               (no amulet)
                                (no ring)
                                (no ring)

@: no status effects
A: negative energy resistance 1, electricity resistance, unbreathing,
petrification resistance, rot immunity, AC +3
a: no special abilities


You were on level 1 of the Dungeon.
You were not hungry.

You visited 1 branch of the dungeon, and saw 1 of its levels.

You collected 84 gold pieces.

Inventory:

Hand Weapons
 h - a +0 club (weapon)
Missiles
 b - 57 stones (quivered)
Armour
 c - a +0 robe (worn)
 j - a +1 helmet (worn)
Scrolls
 l - a scroll of fog {unknown}
 m - a scroll of identify {unknown}
Potions
 a - 2 potions of curing {unknown}
Books
 e - a book of Geomancy

   Spells                             Type                      Level
   a - Sandblast                      Earth                        1
   b - Passwall                       Transmutation/Earth          2
   c - Stone Arrow                    Conjuration/Earth            3
   d - Petrify                        Transmutation/Earth          4
   e - Lee's Rapid Deconstruction     Earth                        5
Comestibles
 d - a bread ration
 g - a royal jelly
 i - 2 meat rations
 k - a slice of pizza


   Skills:
 + Level 1.8 Dodging
 + Level 2.9 Stealth
 + Level 2.1 Spellcasting
 + Level 0.0 Conjurations
   Level 0.7 Transmutations
 + Level 4.1 Earth Magic


You had 2 spell levels left.
You knew the following spells:

 Your Spells              Type           Power        Failure   Level  Hunger
a - Sandblast             Erth           ##....       4%          1    #......
b - Stone Arrow           Conj/Erth      #.....       28%         3    ###....


Dungeon Overview and Level Annotations

Branches:
Dungeon (1/15)

Altars:


Innate Abilities, Weirdness & Mutations

You are resistant to torment.
Your stone body is resilient. (AC +3)
You are immune to poison.
You resist negative energy. (rN+)
You are resistant to electric shocks. (rElec)
You can survive without breathing.
You are immune to petrification.
You are immune to rotting.


Message History

The leopard gecko misses you.
You hit the leopard gecko.
The leopard gecko is almost dead.
The leopard gecko barely misses you. The leopard gecko closely misses you.
You closely miss the leopard gecko.
The leopard gecko is almost dead.
The leopard gecko closely misses you.
You closely miss the leopard gecko.
The leopard gecko is almost dead.
The leopard gecko barely misses you. x2
You hit the leopard gecko.
You kill the leopard gecko!
You have reached level 3!
Your experience leads to an increase in your attributes!
Increase (S)trength, (I)ntelligence, or (D)exterity?
You feel clever.
Memorise Stone Arrow, consuming 3 spell levels and leaving 2?
You start memorising the spell.
You continue memorising. x3
You finish memorising.
Spell assigned to 'b'.
Are you sure you want to abandon this character and quit the game? (Confirm with "yes".)

.#.# #.##...#******,,,#.# *..,
.#.# #.....#..........#.######,,,
##.# #.....#..........#......#,,,
##.# #.....#.........,######.#,,,
#*.# #.....#,.......**######.#,,,
#*,* #.##'##,,.....,,,,...##.#,,,
##,* #.##.#*,,,.....#####.##.#..,
##)###.##.#****#.#...........#.#*
##.....##.######@#,######.####.#
#####..##.)......#,,,* #.# #.#
#####..##.#####..#**,* #.# #.#
....#..#######...# *,* #.# #.#
###.#(..........##**,* #.# #.#
#.#)########.#.,,,,* #.####.#
#.#.# #.*.***** #......# ###.#.#
#.*.# ######## ....#.# #.*.#


There were no monsters in sight!

Vanquished Creatures
  A leopard gecko (D:1)
  A giant cockroach (D:1)
  A goblin (D:1)
  3 hobgoblins (D:1)
  5 jackals (D:1)
  2 bats (D:1)
  2 frilled lizards (D:1)
  3 kobolds (D:1)
  A rat (D:1)
19 creatures vanquished.

Notes
Turn   | Place    | Note
-------+----------+-------------------------------------------
     0 | D:1      | Junicave the Gargoyle Earth Elementalist began the quest for the Orb.
     0 | D:1      | Reached XP level 1. HP: 10/10 MP: 3/3
   151 | D:1      | Reached skill level 4 in Earth Magic
   366 | D:1      | Reached XP level 2. HP: 10/15 MP: 5/5
  1450 | D:1      | Reached XP level 3. HP: 18/19 MP: 6/6
  1455 | D:1      | Learned a level 3 spell: Stone Arrow
  1455 | D:1      | Quit the game

Vault maps used:
D:1:      tarquinn_simple_flora_water_a, corexii_item_surrounded_by_moat

Skill      XL: |  1 |
---------------+----+-----
Earth Magic    | 4 |  4.1
Dodging        | |  1.8
Stealth        | |  2.9
Spellcasting   | |  2.1
Transmutations | |  0.7

Action                   || total
-------------------------++-------
Melee: Club              ||    74
       Unarmed           ||     4
 Cast: Sandblast         ||     9
  Eat: Chunk             ||     2
Armor: Robe              ||    30
Dodge: Dodged            ||    74
